 Dungeon Crawl Stone Soup version 0.26-a0-642-g67e99244d3 (webtiles) character file.

Game seed: 6201046573939459586

6219 KristoblXynda the Grappler (level 10, -1/81 HPs)
             Began as a Troll Hedge Wizard on Sept 21, 2020.
             Was a Believer of Ashenzari.
             Slain by an orc wizard
             ... wielding a +1 dagger of electrocution
              (18 damage)
             ... on level 10 of the Dungeon.
             The game lasted 00:16:27 (7253 turns).

KristoblXynda the Grappler (Troll Hedge Wizard)     Turns: 7253, Time: 00:16:28

Health: -1/81      AC: 14    Str: 20    XL:     10   Next: 61%
Magic:  12/12      EV: 12    Int: 12    God:    Ashenzari [**....]
Gold:   586        SH:  0    Dex: 10    Spells: 9/13 levels left

rFire    . . .     SeeInvis .     - Unarmed
rCold    . . .     Faith    .   (no shield)
rNeg     + . .     Spirit   .   t - +2 robe {rN+}
rPois    +         Reflect  .   c - +0 hat
rElec    .         Harm     .   v - +1 cloak {rPois}
rCorr    .         Rampage  .   (gloves unavailable)
MR       .....                  (boots unavailable)
Stlth    +.........             (no amulet)
HPRegen  0.63/turn              h - +4 ring of protection
MPRegen  0.13/turn              a - +4 ring of slaying (curse)

@: drained
A: large, unfitting armour, claws 3, regeneration 1, shaggy fur 1, tough skin 3
a: Curse Item, Scrying, Renounce Religion


You were on level 10 of the Dungeon.
You worshipped Ashenzari.
Ashenzari was pleased with you.
You visited 2 branches of the dungeon, and saw 11 of its levels.
You also visited: Sewer.

You collected 586 gold pieces.

Inventory:

Hand Weapons
 k - the +12 dagger "Ikhebb" {drain, Str+7}
   (You found it on level 4 of the Dungeon)

   A truly terrible weapon, it drains the life of those it strikes.
   It affects your strength (+7).
 l - the +5 dagger "Quisteitz" {venom, Int+2}
   (You found it on level 4 of the Dungeon)

   It poisons the flesh of those it strikes.
   It affects your intelligence (+2).
Armour
 c - a +0 hat (worn)
 t - a +2 robe of positive energy (worn)
 v - a +1 cloak of poison resistance (worn)
Jewellery
 a - a cursed +4 ring of slaying (right claw)
 h - a +4 ring of protection (left claw)
 E - a +6 ring of intelligence
Wands
 A - a wand of acid (11)
 B - a wand of paralysis (7)
Scrolls
 b - 4 scrolls of fear
 f - 5 scrolls of immolation
 g - 7 scrolls of teleportation
 j - 4 scrolls of enchant armour
 n - 2 scrolls of remove curse
 o - a scroll of blinking
 p - a scroll of amnesia
 w - 2 scrolls of enchant weapon
 y - 2 scrolls of magic mapping
 z - a scroll of fog
 D - a scroll of identify
Potions
 d - 4 potions of curing
 e - 4 potions of heal wounds
 i - a potion of flight
 m - a potion of invisibility
 q - a potion of haste {unknown}
 r - a potion of ambrosia
 s - a potion of brilliance
 u - 2 potions of mutation
 x - a potion of might
 C - a potion of resistance


   Skills:
 + Level 8.0(7.3) Dodging
 - Level 1.0(0.4) Stealth
 + Level 9.3(8.5) Unarmed Combat
 - Level 2.0(1.3) Spellcasting
 + Level 7.2(6.5) Conjurations
   Level 0.6(0.0) Summonings
   Level 0.6(0.0) Translocations


You had 9 spell levels left.
You knew the following spells:

 Your Spells              Type           Power        Failure   Level
a - Magic Dart            Conj           ###.         1%          1
b - Mephitic Cloud        Conj/Pois/Air  #.......     34%         3

Your spell library contained the following spells:

 Spells                   Type           Power        Failure   Level
 Shock                    Conj/Air       #...         8%          1
 Conjure Flame            Conj/Fire      #.......     22%         3
 Static Discharge         Conj/Air       #.......     22%         3
 Blink                    Tloc           N/A          41%         2
 Call Imp                 Summ           #.......     41%         2
 Slow                     Hex            #.......     41%         2
 Swiftness                Air            #.......     41%         2
 Lightning Bolt           Conj/Air       #.........   91%         5
 Airstrike                Air            #.........   96%         4


Dungeon Overview and Level Annotations

Branches:
Dungeon (10/15)            Temple (1/1) D:4            Lair (0/6) D:9
  Sewer (visited)
    Orc: D:9-12

Altars:
Ashenzari
Cheibriados
Dithmenos
Elyvilon
Fedhas
Gozag
Hepliaklqana
Kikubaaqudgha
Makhleb
Nemelex Xobeh
Okawaru
Qazlal
Ru
Sif Muna
Trog
Uskayaw
Vehumet
Wu Jian
Xom
Yredelemnul
Zin
The Shining One

Shops:
D:4 (   D:6 }


Innate Abilities, Weirdness & Mutations

You are too large for most types of armour.
You have claws for hands.
Your natural rate of healing is unusually fast.
You are covered in fur. (AC +1)
You have extremely tough skin. (AC +3)


Message History

You barely miss something. Your claw misses something.
Something hits you but does no damage.
You miss something. The orc closely misses you.
Something hits you but does no damage.
You are electrocuted!
* * * LOW HITPOINT WARNING * * *
You see here a howler monkey corpse.
You claw the orc!
You kill the orc!
The orc priest looks encouraged for a moment.
You hear some strange, mumbled words.
A magic dart appears from out of thin air!
The magic dart hits you.
* * * LOW HITPOINT WARNING * * *
You scratch something but do no damage. You barely miss something.
Something hits you but does no damage. The orc closely misses you.
You closely miss something. Something hits you but does no damage.
You are electrocuted!!
You die...

#################################
................@oo..............
.....####......{##[..............
...........##...##.........))..#
...<.................######....#.
....######.......................
<...# , #'###...................
....#, ..., #..........#)#######
###.# , .., #.####.....'..# * *
#.####### #..........#..# *


You could see an orc priest and an orc.

Vanquished Creatures
  A two-headed ogre (D:9)
  Joseph (D:9)
  Maggie (D:9)
  A troll (D:10)
  Grinder (D:6)
  A hippogriff (D:7)
  Sigmund (D:4)
  Grum (D:9)
  An orc warrior (D:9)
  2 porcupines (D:9)
  A black bear (D:9)
  A sky beast (D:6)
  2 phantoms
  5 ogres
  3 wolves (D:9)
  2 centaurs
  Blork the orc (D:5)
  5 bullfrogs
  A water moccasin zombie (D:6)
  5 scorpions
  6 killer bees (D:9)
  A howler monkey (D:10)
  8 wights
  A centaur zombie (D:8)
  A hound (D:10)
  A bullfrog zombie (D:8)
  2 bullfrog skeletons
  4 orc priests
  Crazy Yiuf (D:4)
  A jelly (D:10)
  9 orc wizards
  3 iguanas
  Terence (D:2)
  Natasha (D:4)
  3 worker ants
  A hound zombie (D:6)
  Robin (D:2)
  4 gnolls (D:3)
  15 adders
  A howler monkey skeleton (D:6)
  4 shadow imps
  2 white imps
  An ufetubus (D:6)
  13 oozes
  3 worms
  A dart slug (D:1)
  15 leopard geckos
  26 orcs
  17 ball pythons
  9 bats
  27 giant cockroaches
  17 goblins
  5 hobgoblins
  17 jackals
  9 kobolds
  4 quokkas
  16 frilled lizards
  3 jackal skeletons
  A leopard gecko skeleton (D:5)
  2 quokka zombies
  4 rats
298 creatures vanquished.

Vanquished Creatures (others)
  8 fungi (D:9)
  14 plants
22 creatures vanquished.

Grand Total: 320 creatures vanquished

Notes
Turn   | Place    | Note
-------+----------+-------------------------------------------
     0 | D:1      | KristoblXynda the Troll Hedge Wizard began the quest for
                  | the Orb.
     0 | D:1      | Reached XP level 1. HP: 16/16 MP: 2/2
     3 | D:1      | Noticed a formicid
     5 | D:1      | Noticed a ghoul
     5 | D:1      | Noticed a spriggan
     7 | D:1      | Noticed a tengu
     7 | D:1      | Noticed a naga
    11 | D:1      | Noticed a vine stalker
    11 | D:1      | Noticed a minotaur
    13 | D:1      | Noticed a human
    13 | D:1      | Noticed a halfling
    15 | D:1      | Noticed a demonspawn
    15 | D:1      | Noticed a felid
    17 | D:1      | Noticed an octopode
    17 | D:1      | Noticed a centaur
    19 | D:1      | Noticed a draconian
    19 | D:1      | Noticed an elf
    21 | D:1      | Noticed a dwarf
    23 | D:1      | Noticed a vampire
    23 | D:1      | Noticed a merfolk
    25 | D:1      | Noticed a gargoyle
    25 | D:1      | Noticed an ogre
    27 | D:1      | Noticed a demigod
    27 | D:1      | Noticed a troll
   201 | D:1      | Reached skill level 1 in Conjurations
   205 | D:1      | Reached XP level 2. HP: 24/24 MP: 4/4
   345 | D:1      | Reached skill level 1 in Unarmed Combat
   579 | D:1      | You fall into a shaft and drop 1 floor!
   658 | D:2      | Noticed Terence
   685 | D:2      | Killed Terence
   685 | D:2      | Reached XP level 3. HP: 27/31 MP: 5/5
   774 | D:2      | Reached skill level 2 in Unarmed Combat
   774 | D:2      | Reached XP level 4. HP: 24/39 MP: 6/6
  1053 | D:2      | Noticed Robin
  1082 | D:2      | Killed Robin
  1233 | D:2      | Found a faded altar of an unknown god.
  1240 | D:2      | Reached XP level 5. HP: 45/45 MP: 7/7
  1688 | D:3      | Reached skill level 3 in Unarmed Combat
  1706 | D:3      | Reached XP level 6. HP: 37/53 MP: 8/8
  2051 | D:4      | Found a sacrificial altar of Ru.
  2051 | D:4      | Found a blossoming altar of Fedhas.
  2051 | D:4      | Found a hazy altar of Hepliaklqana.
  2051 | D:4      | Found an ornate altar of the Wu Jian Council.
  2057 | D:4      | Found a shimmering altar of Xom.
  2057 | D:4      | Found a shimmering blue altar of Sif Muna.
  2065 | D:4      | Got a jewelled dagger
  2098 | D:4      | Found a staircase to the Ecumenical Temple.
  2100 | D:4      | Noticed Natasha
  2112 | D:4      | Killed Natasha
  2118 | Temple   | Entered the Ecumenical Temple
  2132 | Temple   | Became a worshipper of Ashenzari the Shackled
  2211 | D:4      | Reached skill level 4 in Unarmed Combat
  2211 | D:4      | Reached XP level 7. HP: 51/59 MP: 9/9
  2237 | D:4      | Noticed Sigmund
  2248 | D:4      | Killed Sigmund
  2279 | D:4      | Got the dagger "Quisteitz" {venom, Int+2}
  2301 | D:4      | Found a glowing drain.
  2319 | Sewer    | Entered a sewer
  2664 | Sewer    | Reached skill level 5 in Unarmed Combat
  2664 | Sewer    | Reached XP level 8. HP: 46/67 MP: 10/10
  2882 | D:4      | Found Wirelev's Weapon Boutique.
  2969 | D:4      | Found a runed translucent door.
  2970 | D:4      | Noticed Crazy Yiuf
  3023 | D:4      | Killed Crazy Yiuf
  3142 | D:5      | Entered Level 5 of the Dungeon
  3501 | D:5      | Reached skill level 5 in Dodging
  3559 | D:5      | Noticed Blork the orc
  3570 | D:5      | Killed Blork the orc
  3837 | D:5      | Reached skill level 6 in Unarmed Combat
  3891 | D:6      | Learned a level 3 spell: Mephitic Cloud
  3959 | D:6      | Noticed Grinder
  3959 | D:6      | Paralysed by Grinder for 4 turns
  3973 | D:6      | Paralysed by something for 3 turns
  3997 | D:6      | Paralysed by something for 2 turns
  4002 | D:6      | Killed Grinder
  4002 | D:6      | Reached skill level 5 in Conjurations
  4306 | D:6      | Found Rierhos's Gadget Boutique.
  4332 | D:6      | Reached XP level 9. HP: 43/74 MP: 11/11
  4478 | D:6      | Reached * piety under Ashenzari
  4626 | D:7      | Reached skill level 7 in Unarmed Combat
  5254 | D:8      | Found a shimmering altar of Xom.
  5799 | D:9      | Noticed a two-headed ogre
  5817 | D:9      | Killed a two-headed ogre
  5817 | D:9      | Reached skill level 8 in Unarmed Combat
  5887 | D:9      | Reached XP level 10. HP: 80/81 MP: 12/12
  5897 | D:9      | Found a staircase to the Lair.
  6169 | D:9      | Noticed Grum
  6188 | D:9      | Killed Grum
  6546 | D:9      | Noticed Joseph
  6557 | D:9      | Killed Joseph
  6591 | D:9      | Reached ** piety under Ashenzari
  6627 | D:9      | Noticed Maggie
  6643 | D:9      | Killed Maggie
  6643 | D:9      | Reached skill level 9 in Unarmed Combat
  6978 | D:9      | Identified the +12 dagger "Ikhebb" {drain, Str+7} (You
                  | found it on level 4 of the Dungeon)
  6986 | D:10     | Entered Level 10 of the Dungeon
  7195 | D:10     | HP: 4/81 [wight/+3 halberd of freezing (11)]
  7195 | D:10     | HP: 1/81 [wight/+3 halberd of freezing (3)]
  7253 | D:10     | Slain by an orc wizard

Illustrated notes

Levels and vault maps discovered:
D:1:      kb_arrival_jail, layout_basic
D:2:      minmay_roachtagon, layout_loops_ring,
          chequers_ecumenical_altar_simple, uniq_terence, uniq_robin
D:3:      layout_rooms
D:4:      wander_river, layout_rooms, minmay_overflow_temple_hex,
          minmay_temple_entry_overgrown, serial_shops, shop_fountains,
          cheibrodos_sewer_entry_bend, uniq_crazy_yiuf_cottage, uniq_natasha,
          uniq_sigmund
D:5:      layout_basic, uniq_blork_the_orc
D:6:      layout_gridville, serial_shops,
          nicolae_shop_competitors_out_of_business, uniq_grinder
D:7:      layout_rooms
D:8:      layout_basic, brannock_xom_greatest_gift
D:9:      layout_roguey, grunt_lair_entry_orc_guard_hut, serial_rivers,
          chequers_serial_rivers_micro_a, chequers_serial_rivers_micro_c,
          chequers_serial_rivers_room_a, chequers_serial_rivers_small_3,
          chequers_serial_rivers_small_b, chequers_serial_rivers_large_a,
          kennysheep_minor_cross, uniq_maggie, uniq_grum, uniq_joseph
D:10:     layout_stronghold, basic_altar
Temple:   lightli_temple_of_artemis

Skill      XL: |  1  2  3  4  5  6  7  8  9 10 |
---------------+-------------------------------+-----
Conjurations   | 1 2 3 4 5 6 7 |  7.2
Unarmed Combat | 1 2 3 4 5 6 8 9 |  9.3
Dodging        | 2 3 4 5 7 8 |  8.0
Stealth        | |  1.0
Spellcasting   | |  2.0
Summonings     | |  0.6
Translocations | |  0.6

Action                   |  1- 3 |  4- 6 |  7- 9 | 10-12 || total
-------------------------+-------+-------+-------+-------++-------
Melee: Unarmed           |    81 |   276 |   482 |   142 ||   981
       Punch             |       |     3 |     9 |     5 ||    17
 Cast: Mephitic Cloud    |       |       |       |     4 ||     4
Invok: Curse Item        |       |       |     1 |       ||     1
Evoke: Wand              |       |       |     2 |       ||     2
  Use: Potion            |     1 |       |       |     3 ||     4
       Scroll            |       |     8 |     8 |     3 ||    19
 Stab: Sleeping          |     2 |     1 |     3 |       ||     6
       Confused          |       |       |       |     1 ||     1
Armor: Robe              |    35 |   119 |   204 |    52 ||   410
Dodge: Dodged            |    43 |   159 |   284 |    85 ||   571

Table legend: (Time is in decaauts)
 A = Elapsed time spent in this place.
 B = Non-inter-level travel time spent in this place.
 C = Inter-level travel time spent in this place.
 D = Time resting spent in this place.
 E = Time spent auto-exploring this place.
 F = Levels seen in this place.
 G = Mean time per level.
                   A        B        C        D        E       F      G
               +--------+--------+--------+--------+--------+-----+--------+
         Total |   7271 |   7086 |    185 |    478 |   3920 |  12 |  605.9 |
       Dungeon |   6726 |   6549 |    177 |    478 |   3828 |  10 |  672.6 |
        Temple |    119 |    111 |      8 |      0 |     66 |   1 |  119.0 |
         Sewer |    424 |    424 |      0 |      0 |     25 |   1 |  424.0 |
               +--------+--------+--------+--------+--------+-----+--------+

Top non-repeatable levels by time:
     D:9: 1318 daAuts
     D:2: 805 daAuts
     D:5: 736 daAuts
     D:6: 714 daAuts
     D:4: 662 daAuts
     D:8: 619 daAuts
     D:3: 608 daAuts
     D:1: 578 daAuts
     D:7: 428 daAuts
   Sewer: 424 daAuts
    D:10: 256 daAuts
  Temple: 119 daAuts
